 Dungeon Crawl Stone Soup version 0.28.0 (webtiles) character file.

Game seed: 14933521568723074695

4510 croobank the Cleaver (level 10, 0/93 HPs)
             Began as a Hill Orc Fighter on Feb 12, 2022.
             Slain by Maggie (11 damage)
             ... on level 9 of the Dungeon.
             The game lasted 00:34:34 (7625 turns).

croobank the Cleaver (Hill Orc Fighter)             Turns: 7625, Time: 00:34:34

Health: 0/93       AC: 12    Str: 22    XL:     10   Next: 39%
Magic:  3/3        EV:  9    Int: 14    God:
Gold:   363        SH:  6    Dex: 12    Spells: 9/9 levels left

rFire   + . .      SeeInvis +   m - +2 short sword (antimagic)
rCold   + . .      Faith    .   c - +0 buckler
rNeg    . . .      Spirit   .   k - +3 scale mail
rPois   .          Reflect  .   (no helmet)
rElec   .          Harm     .   B - scarf {rC+ rF+}
rCorr   .          Rampage  .   y - +0 pair of gloves
Will    .....                   (no boots)
Stlth   ..........              q - amulet of regeneration
HPRegen 1.05/turn               u - ring of see invisible
MPRegen 0.08/turn               v - +6 ring of intelligence

@: hasted, very quick
A: no striking features
a: no special abilities


You were on level 9 of the Dungeon.
You visited 2 branches of the dungeon, and saw 11 of its levels.

You collected 363 gold pieces.

Inventory:

Hand Weapons
 a - a +1 war axe
 b - the +3 hunting sling "Asoulyac" {speed, rCorr Str+4 Int-3}
   (You found it on level 3 of the Dungeon)

   Attacks with this weapon are significantly faster.
   Str:       It affects your strength (+4).
   Int:       It affects your intelligence (-3).
   rCorr:     It protects you from acid and corrosion.
 d - a +0 scythe
 h - a +2 dagger of flaming
 m - a +2 antimagic short sword (weapon)
 s - a +2 short sword of venom
 A - a +0 glaive
 F - a +3 quarterstaff
Missiles
 f - 161 stones
 i - 41 sling bullets
 j - 10 boomerangs (quivered)
 n - 3 atropa-tipped darts
 o - 105 arrows
 H - 39 bolts
 J - a curare-tipped dart
Armour
 c - a +0 buckler (worn)
 k - a +3 scale mail (worn)
 t - the +0 scale mail "Kiulaa" {rF+ Stlth+}
   (You found it on level 4 of the Dungeon)

   rF:        It protects you from fire.
   Stlth:     It makes you more stealthy.
 x - the +1 leather armour of Iweninn {Str+4 Dex+4}
   (You found it on level 5 of the Dungeon)

   Str:       It affects your strength (+4).
   Dex:       It affects your dexterity (+4).
 y - a +0 pair of gloves (worn)
 B - a scarf of resistance (worn)
 G - a +2 ring mail of cold resistance
Jewellery
 p - an amulet of guardian spirit
 q - an amulet of regeneration (around neck)
 u - a ring of see invisible (left hand)
 v - a +6 ring of intelligence (right hand)
 w - a ring of ice
Wands
 D - a wand of acid (10)
 E - a wand of iceblast (9)
Scrolls
 l - a scroll of amnesia
 I - a scroll of enchant weapon
Potions
 e - 3 potions of flight
 g - a potion of curing
 r - a potion of cancellation
 z - 2 potions of lignification


   Skills:
 + Level 9.8 Fighting
 + Level 10.0 Axes
 + Level 8.8 Armour
 + Level 8.8 Shields


You had 9 spell levels left.
You didn't know any spells.
Your spell library contained the following spells:

 Spells                   Type           Power      Damage    Failure   Level
 Conjure Flame            Conj/Fire      0%         6-21      94%         3
 Ignite Poison            Fire/Tmut/Pois 0%         N/A       94%         3
 Sticky Flame             Conj/Fire      0%         2d3       100%        4
 Malign Gateway           Summ/Tloc      0%         N/A       100%        7
 Summon Horrible Things   Summ           0%         N/A       100%        8


Dungeon Overview and Level Annotations

Branches:
Dungeon (10/15)            Temple (1/1) D:7
   Lair: D:8-11         Orc: D:9-12

Altars:
Cheibriados
Dithmenos
Elyvilon
Fedhas
Gozag
Hepliaklqana
Makhleb
Nemelex Xobeh
Okawaru
Uskayaw
Vehumet
Xom
Yredelemnul
Zin
The Shining One

Shops:
D:9 :

Annotations:
D:2 1 runed translucent door, Crazy Yiuf
D:9 Maggie


Message History

Maggie hits you with a +1 glaive of flaming.
Maggie burns you. The orc hits you but does no damage.
Unknown command.
You closely miss Maggie.
Maggie is moderately wounded.
The orc warrior hits you from afar with a +0 trident.
You block the orc's attack. Maggie completely misses you.
You block the orc's attack.
The orc warrior hits you from afar with a +0 trident.
You closely miss Maggie.
Maggie is moderately wounded.
You block the orc's attack. Maggie hits you but does no damage.
The orc hits you but does no damage. The orc warrior closely misses you.
Unknown command.
You closely miss Maggie.
Maggie is moderately wounded.
You break out of your daze.
Maggie's magic is no longer disrupted.
You block the orc's attack.
Maggie hits you with a +1 glaive of flaming.
Maggie burns you. The orc barely misses you.
The orc warrior hits you but does no damage.
You hit Maggie.
Maggie's magic leaks into the air.
Maggie is moderately wounded.
The orc completely misses you.
Maggie casts a spell.
Maggie attempts to bespell you! You resist.
The orc hits you from afar with a +0 trident.
The orc warrior hits you from afar with a +0 trident!
You barely miss Maggie.
Maggie is moderately wounded.
Maggie's magic is no longer disrupted.
The orc barely misses you.
Maggie hits you with a +1 glaive of flaming!
* * * LOW HITPOINT WARNING * * *
The orc hits you from afar with a +0 trident.
* * * LOW HITPOINT WARNING * * *
You block the orc warrior's attack. The orc hits you but does no damage.
Okay, then.
You feel yourself speed up.
Maggie hits you with a +1 glaive of flaming!
You die...

.#..#. ... ....∩
..# ....#.#..#
...#...#.#
.........#
.....!...#
###.##o.#
...>....o#########
###...o@@.........
......##..########
###.[. ##.## #...
#..# #.. ##.## #.#
#..# ##.##
#..######.#
#######........#


You could see Maggie, an orc warrior and 2 orcs.

Vanquished Creatures
  A cyclops (D:6)
  A centaur zombie (D:6)
  An unseen horror (D:8)
  Prince Ribbit (D:9)
  A hornet (D:10)
  Sigmund (D:2)
  Menkaure (D:4)
  An acid dragon (D:9)
  A water moccasin (D:7)
  An orc warrior (D:8)
  2 ice beasts
  2 sky beasts (D:7)
  An ogre (D:7)
  A necrophage (D:6)
  A centaur (D:7)
  2 bullfrogs
  2 gnoll sergeants (D:7)
  A kobold brigand (D:9)
  6 scorpions
  A wyvern skeleton (D:7)
  3 water moccasin skeletons
  3 killer bees (D:9)
  The ghost of Theoretic the Magician, a weakling TeEE (D:4)
  2 hounds
  4 centaur skeletons
  3 jellies
  4 orc priests
  2 bullfrog skeletons (D:5)
  2 iguanas
  7 orc wizards
  A howler monkey zombie (D:7)
  7 gnolls (D:7)
  A howler monkey skeleton (D:6)
  3 adders
  A shadow imp (D:7)
  A white imp (D:6)
  A worm (D:2)
  5 dart slugs
  29 orcs
  7 bats
  9 endoplasms
  3 giant cockroaches
  6 goblins
  7 hobgoblins
  5 jackals
  5 quokkas
  4 ball pythons
  2 frilled lizards
  9 kobolds
  7 rats
173 creatures vanquished.

Vanquished Creatures (others)
  11 demonic plants (D:1)
  8 fungi (D:1)
  2 plants
  A withered plant (D:1)
22 creatures vanquished.

Grand Total: 195 creatures vanquished

Notes
Turn   | Place    | Note
-------+----------+-------------------------------------------
     0 | D:1      | croobank the Hill Orc Fighter began the quest for the Orb.
     0 | D:1      | Reached XP level 1. HP: 19/19 MP: 1/1
   189 | D:1      | Reached XP level 2. HP: 11/27 MP: 2/2
   389 | D:1      | Reached skill level 3 in Axes
   422 | D:1      | Found a faded altar of an unknown god.
   709 | D:1      | Reached XP level 3. HP: 32/33 MP: 3/3
  1394 | D:2      | Found a runed translucent door.
  1395 | D:2      | Noticed Crazy Yiuf
  1581 | D:2      | Reached XP level 4. HP: 40/40 MP: 4/4
  1623 | D:2      | Noticed Sigmund
  1628 | D:2      | Killed Sigmund
  1629 | D:2      | Reached skill level 5 in Fighting
  1629 | D:2      | Reached skill level 4 in Axes
  1629 | D:2      | Reached XP level 5. HP: 42/48 MP: 5/5
  1955 | D:3      | Reached XP level 6. HP: 56/56 MP: 6/6
  2055 | D:3      | Identified the +3 hunting sling "Asoulyac" {speed, rCorr
                  | Str+4 Int-3}
  3386 | D:4      | Reached skill level 5 in Axes
  3452 | D:4      | Reached skill level 5 in Shields
  3572 | D:4      | Reached skill level 5 in Armour
  3572 | D:4      | Reached XP level 7. HP: 28/61 MP: 7/7
  3599 | D:4      | Identified a scroll of acquirement
  3632 | D:4      | Noticed Menkaure
  3635 | D:4      | Acquired the +1 pair of boots of the Arcane {+Blink Fly
                  | rF+++ Str-3}
  3678 | D:4      | Killed Menkaure
  3752 | D:4      | Noticed Theoretic's ghost (weakling TeEE)
  3753 | D:4      | Found a runed translucent door.
  3768 | D:4      | Killed Theoretic's ghost
  4315 | D:4      | Identified the +0 scale mail "Kiulaa" {rF+ Stlth+}
  4425 | D:5      | Entered Level 5 of the Dungeon
  4497 | D:5      | Identified the +1 leather armour of Iweninn {Str+4 Dex+4}
  4546 | D:5      | Reached skill level 6 in Axes
  4570 | D:5      | Found an opulent altar of Gozag.
  4738 | D:5      | Reached XP level 8. HP: 61/71 MP: 8/8
  5292 | D:6      | Noticed a cyclops
  5300 | D:6      | Reached skill level 7 in Axes
  5312 | D:6      | Killed a cyclops
  5313 | D:6      | Reached XP level 9. HP: 42/80 MP: 9/9
  5330 | D:6      | Reached skill level 8 in Axes
  6025 | D:7      | Found a staircase to the Ecumenical Temple.
  6034 | Temple   | Entered the Ecumenical Temple
  6441 | D:7      | Reached skill level 9 in Axes
  6685 | D:7      | Reached XP level 10. HP: 74/91 MP: 10/10
  7157 | D:8      | Noticed an unseen horror
  7180 | D:8      | Killed an unseen horror
  7225 | D:8      | You fall into a shaft and drop 2 floors!
  7225 | D:10     | Entered Level 10 of the Dungeon
  7229 | D:9      | Noticed Prince Ribbit
  7251 | D:9      | Killed Prince Ribbit
  7444 | D:10     | Reached skill level 10 in Axes
  7601 | D:9      | Found Nijeuce's Book Shoppe.
  7602 | D:9      | Noticed Maggie
  7625 | D:9      | Slain by Maggie

Illustrated notes

Levels and vault maps discovered:
D:1:      scummos_arrival_star, layout_loops_ring, shapermc_ecumenical_altar_gd
D:2:      layout_loops_cross, uniq_sigmund, uniq_crazy_yiuf_cottage
D:3:      layout_basic, serial_co_window_serial, co_window_paths_a,
          co_window_paths_b, co_window_paths_a, co_window_corner_a,
          co_window_of_opportunity_a, co_window_of_opportunity_b,
          co_window_2corner, co_window_paths_c, co_window_corner_b,
          co_window_corner_b, co_window_corner_b, co_window_4corner_b,
          glass_columns_a
D:4:      nicolae_cairo_tiling_large_dashed, layout_loops_corners,
          hellmonk_ghost_happy_afterlife, serial_bayou_pond_c, uniq_menkaure
D:5:      layout_basic, grunt_gozag_breadcrumbs, kennysheep_small_square
D:6:      layout_loops_ring
D:7:      layout_gridville, lemuel_temple_firewalk_b
D:8:      lemuel_castle_with_subvaults [lemuel_castle_interior_original],
          layout_basic, lemuel_doored_altar
D:9:      layout_basic, serial_shops, nicolae_shop_advertising_works
          [nicolae_subvault_shop_adworks], minmay_strange_pillars,
          uniq_gastronok, uniq_joseph, uniq_maggie, uniq_prince_ribbit1
D:10:     layout_cave_pools, nzn_overflow_gifts_of_might_and_magic,
          nicolae_ru_great_annihilating_truth,
          chequers_temple_overflow_statue_of_worship
Temple:   eino_narrow_crystal_temple

Skill      XL: |  1  2  3  4  5  6  7  8  9 10 |
---------------+-------------------------------+-----
Axes           | 3 4 5 6 7 9 10 | 10.0
Fighting       | 4 5 6 7 9 |  9.8
Armour         | 4 5 6 8 |  8.8
Shields        | 4 5 6 8 |  8.8

Action                   |  1- 3 |  4- 6 |  7- 9 | 10-12 || total
-------------------------+-------+-------+-------+-------++-------
Melee: War axe           |   111 |   113 |   309 |    87 ||   620
       Short sword       |       |       |       |    15 ||    15
 Fire: Hunting sling     |       |     1 |       |    14 ||    15
Throw: Boomerang         |       |       |    30 |     2 ||    32
  Use: Scroll            |     5 |       |    13 |     1 ||    19
       Potion            |       |     1 |     4 |     3 ||     8
Armor: Scale mail        |    70 |    50 |   169 |    55 ||   344
       Skin              |       |       |     7 |       ||     7
Dodge: Dodged            |    60 |    51 |   132 |    68 ||   311
Block: Buckler           |    31 |    22 |   103 |    44 ||   200
